 Dungeon Crawl Stone Soup version 0.24.0-10-g970556be89 (webtiles) character file.

Game seed: 6374224616784563180, levelgen mode: deterministic

330712 XiaXia the Slayer (level 20, -5/313 HPs)
             Began as a Minotaur Berserker on Nov 3, 2019.
             Was the Champion of Trog.
             Slain by Mennas
             ... wielding a +0 sacred scourge of holy wrath
              (26 damage)
             ... on level 4 of the Vaults on Nov 4, 2019.
             The game lasted 03:49:30 (52873 turns).

XiaXia the Slayer (Minotaur Berserker)             Turns: 52873, Time: 03:49:31

Health: -5/313     AC: 28    Str: 26    XL:     20   Next: 85%
Magic:  19/19      EV: 28    Int:  5    God:    Trog [******]
Gold:   3307       SH: 24    Dex: 23    Spells: 19/19 levels left

rFire    + . .     SeeInvis .   y - +2 demon whip (elec)
rCold    + . .     Gourm    .   A - +0 large shield
rNeg     + + +     Faith    +   w - +5 chain mail
rPois    .         Spirit   .   (helmet restricted)
rElec    +         Reflect  .   r - +1 cloak of Starlight {rElec rC+ EV+4 Stlth--}
rCorr    .         Harm     .   d - +1 pair of gloves of Ovulum {rN+++ Regen+ Str-4 Int-3 Dex+5}
MR       ++...                  T - +0 pair of boots {run}
Stlth    ..........             X - amulet "Loossod" {Faith MR+ Str+2 Int+4}
HPRegen  1.02/turn              Z - ring of protection from fire
MPRegen  0.16/turn              l - +4 ring of evasion

@: berserking (expiring), glowing, very quick
A: retaliatory headbutt, horns 2
}: 2/15 runes: barnacled, gossamer
a: Berserk, Trog's Hand, Brothers in Arms, Renounce Religion


You were on level 4 of the Vaults.
You worshipped Trog.
Trog was exalted by your worship.
You were not hungry.

You visited 7 branches of the dungeon, and saw 38 of its levels.

You collected 3831 gold pieces.
You spent 524 gold pieces at shops.

Inventory:

Hand Weapons
 y - a +2 demon whip of electrocution (weapon)
 U - a +6 eveningstar of flaming
Armour
 d - the +1 pair of gloves of Ovulum (worn) {rN+++ Regen+ Str-4 Int-3 Dex+5}
   (You found it on level 2 of the Vaults)

   It affects your strength (-4).
   It affects your intelligence (-3).
   It affects your dexterity (+5).
   It renders you almost immune to negative energy.
   It increases your rate of regeneration.
 m - a +2 cloak of invisibility
 r - the +1 cloak of Starlight (worn) {rElec rC+ EV+4 Stlth--}
   (You found it on level 4 of the Spider Nest)

   It affects your evasion (+4).
   It protects you from cold.
   It insulates you from electricity.
   It makes you much less stealthy.
 w - a +5 chain mail (worn)
 A - a +0 large shield (worn)
 K - a scarf of resistance
 T - a +0 pair of boots of running (worn)
Jewellery
 b - an uncursed ring of positive energy
 l - a +4 ring of evasion (right hand)
 o - an uncursed amulet of rage
 t - an uncursed ring of fire {unknown}
 B - the ring "Bouc" {rN+ Int+3}
   (You found it on level 11 of the Dungeon)

   [ring of positive energy]

   It affects your intelligence (+3).
   It protects you from negative energy.
 C - an uncursed amulet of faith
 X - the amulet "Loossod" (around neck) {Faith MR+ Str+2 Int+4}
   (You found it on level 1 of the Lair of Beasts)

   [amulet of faith]

   It allows you to gain divine favour quickly.
   It affects your strength (+2).
   It affects your intelligence (+4).
   It affects your resistance to hostile enchantments.
 Z - a ring of protection from fire (left hand)
Wands
 e - a wand of random effects (26)
 g - a wand of acid (11)
 u - a wand of enslavement (4)
 v - a wand of scattershot (8)
 D - a wand of flame (28)
 O - a wand of polymorph (9)
 P - a wand of digging (8)
 Q - a wand of paralysis (5)
 R - a wand of clouds (4)
Scrolls
 a - 2 scrolls of blinking
 k - 24 scrolls of remove curse
 n - a scroll of holy word
 p - 3 scrolls of magic mapping
 E - a scroll of teleportation
 G - 7 scrolls of enchant armour
 H - 2 scrolls of silence
 J - a scroll of immolation
 S - 2 scrolls of fog
Potions
 f - 5 potions of brilliance
 h - 3 potions of agility
 i - 15 potions of curing
 j - 3 potions of magic
 q - 9 potions of ambrosia
 s - a potion of might
 x - 8 potions of lignification
 z - 2 potions of cancellation
 F - 4 potions of berserk rage
 I - a potion of heal wounds
 N - 2 potions of haste
 V - a potion of resistance
 W - 3 potions of flight
Miscellaneous
 L - 2 phantom mirrors
 M - a crystal ball of energy
Comestibles
 c - 8 rations


   Skills:
 + Level 24.6 Fighting
 - Level 12.1 Maces & Flails
 + Level 21.5 Armour
 + Level 14.9 Dodging
 - Level 20.0 Shields


You had 19 spell levels left.
You didn't know any spells.
Your spell library was empty.

Dungeon Overview and Level Annotations

Branches:
Dungeon (15/15)            Temple (0/1) D:7            Lair (6/6) D:11
 Shoals (4/4) Lair:3       Spider (4/4) Lair:2        Slime (0/5) Lair:5
    Orc (2/2) D:9             Elf (2/3) Orc:2        Vaults (5/5) D:13
  Crypt (0/3) Vaults:3     Depths (0/5) D:15

Altars:
Ashenzari
Cheibriados
Dithmenos
Fedhas
Hepliaklqana
Kikubaaqudgha
Makhleb
Nemelex Xobeh
Okawaru
Ru
Sif Muna
Trog
Uskayaw
Vehumet
Xom
Yredelemnul
Zin
The Shining One
Beogh
Jiyva

Shops:
D:6 *   D:9 (   D:13 *   Orc:2 [*(!:   Vaults:2 !   Vaults:4 (

Annotations:
Lair:5 exclusion: oklob plant
Vaults:4 Mennas


Innate Abilities, Weirdness & Mutations

You reflexively headbutt those who attack you in melee.
You have a pair of horns on your head.


Message History

Mennas blocks your attack.
You headbutt Mennas.
Mennas is lightly wounded.
You hit Mennas.
Mennas is lightly wounded.
Mennas becomes audible again.
Mennas completely misses you. You block Mennas's attack.
You completely miss Mennas. Your headbutt misses Mennas.
Mennas is lightly wounded.
You thrash Mennas!!
Mennas is moderately wounded.
Mennas hits you with a +0 sacred scourge of holy wrath!
* * * LOW HITPOINT WARNING * * *
You block Mennas's attack.
You miss Mennas.
Mennas is moderately wounded.
You closely miss Mennas. Your headbutt misses Mennas.
Mennas is moderately wounded.
Mennas misses you.
Mennas hits you with a +0 sacred scourge of holy wrath!!
You die...

....# #[>[...# #.......# .#..#
#[[[...# #.......# ....#####
#......# ######### ........#
#......# ####.#..# #......#
#....# #......# #### ####
#..#.# #...CXp# #..###..#
#....# #####A#########..#..##
#.#.)# #....@......####...###
#))).# #...........'()))<....
##(######..#######..####)..###
#####......#..# #..###(.#..##
....#......#..# #..##..###..#
....#......#..# #..##### #''#
....'......#..# #..# #...
....#......#..# #..# #...
....#......#..#######..# #...


You could see Mennas, a tentacled monstrosity, an ettin and an ironbrand
convoker.

Vanquished Creatures
  A lich (Vaults:4)
  The ghost of Silenth the Arsonist, an adept DrFE of Vehumet (Vaults:4)
  A tentacled monstrosity (Vaults:3)
  3 sphinxes
  Polyphemus (Shoals:3)
  A shadow dragon (Vaults:4)
  A tengu reaver (Vaults:3)
  The ghost of Zaque the Destroyer, a journeyman DrCj of Vehumet (Shoals:3)
  2 fire giants
  A frost giant (Vaults:4)
  10 vault wardens
  3 ghost moths
  An orc warlord (Orc:1)
  8 emperor scorpions
  8 stone giants
  13 ironheart preservers
  4 entropy weavers
  The ghost of NeAGen181 the Reanimator, a journeyman DDNe of Makhleb (D:12)
  A deep elf demonologist (Elf:1)
  4 spark wasps
  The ghost of Irhican the Severer, a journeyman MiBe of Trog (Lair:3)
  The ghost of zhorgal the Slicer, a journeyman VSFi of Nemelex Xobeh (Orc:2)
  4 merfolk javelineers
  4 ettins
  4 yaktaur captains
  5 merfolk impalers
  5 fire dragons
  30 vault guards
  2 ice dragons (Vaults:4)
  6 hydras
  A rakshasa (Vaults:3)
  5 great orbs of eyes
  Harold (D:8)
  10 centaur warriors
  Erica (D:8)
  3 catoblepae
  2 alligator snapping turtles
  11 two-headed ogres
  3 merfolk aquamancers
  7 death yaks
  7 dancing weapons (Elf:1)
  4 ogre magi
  A vampire mage (D:15)
  3 deep troll earth magi
  A satyr (Shoals:2)
  A deep troll shaman (Vaults:2)
  A queen ant (Lair:2)
  3 orc high priests (Vaults:4)
  2 tengu warriors
  A shock serpent (shapeshifter) (Vaults:4)
  A sun demon (D:13)
  12 deep elf knights
  Nergalle (D:11)
  9 skeletal warriors
  13 deep trolls
  5 unseen horrors
  2 glowing orange brains
  A flayed ghost (Vaults:3)
  The ghost of mitkoXXVII the Skirmisher, a novice OgCj of Vehumet (D:7)
  13 sea snakes
  9 deep elf archers
  A swamp dragon (shapeshifter) (Vaults:4)
  8 ironbrand convokers
  Pikel (D:4)
  4 swamp dragons (Lair:5)
  A lindwurm (Lair:5)
  2 phantasmal warriors (Vaults:4)
  3 wizards
  13 orc knights
  12 orb spiders
  A necromancer (D:15)
  30 wolf spiders
  19 harpies
  3 orc sorcerers
  31 ugly things
  39 deep elf magi
  A fire giant zombie (D:15)
  A faun (shapeshifter) (D:12)
  4 moths of wrath
  8 merfolk sirens
  A cyclops (shapeshifter) (Vaults:4)
  18 fauns
  10 black mambas
  13 cyclopes
  10 manticores
  7 elephants
  A frost giant skeleton (D:15)
  10 vault sentinels
  3 water nymphs
  10 spiny frogs
  7 torpor snails
  23 yaktaurs
  2 centaur skeletons
  A rime drake (Lair:6)
  5 komodo dragons
  6 freezing wraiths
  A redback zombie (D:13)
  An efreet (D:14)
  12 demonic crawlers
  A yaktaur (shapeshifter) (Vaults:1)
  A yaktaur skeleton (D:15)
  An ice devil (D:13)
  An entropy weaver simulacrum (Vaults:3)
  A guardian mummy (D:15)
  2 tengu conjurers
  15 trolls
  4 wind drakes
  A jumping spider (shapeshifter) (Vaults:1)
  19 jumping spiders
  A polar bear (shapeshifter) (Vaults:4)
  14 merfolk
  A spriggan zombie (D:15)
  7 hornets
  13 blink frogs
  6 tyrant leeches (Spider:4)
  10 slime creatures
  4 dream sheep (Lair:2)
  9 hippogriffs
  A hippogriff (shapeshifter) (Vaults:1)
  A raiju (shapeshifter) (D:15)
  10 snapping turtles
  71 redbacks
  19 tarantellas
  A shadow (D:14)
  Sigmund (D:4)
  29 yaks
  A vampire (D:13)
  A hog (shapeshifter) (Vaults:4)
  4 wyverns
  16 water elementals
  2 wraiths
  A hungry ghost (D:12)
  2 fire elementals (Elf:1)
  2 vampire mosquitoes (D:13)
  6 wargs
  4 acid dragons
  20 soldier ants (Lair:2)
  8 water moccasins
  5 swamp worms (Spider:4)
  The ghost of Gynju the Magician, an amateur DEFE (D:4)
  6 sky beasts
  37 orc warriors
  4 porcupines
  An ice beast (shapeshifter) (Vaults:3)
  A slave (D:4)
  4 ice beasts
  A black bear (shapeshifter) (Vaults:3)
  3 necrophages
  24 ogres
  4 phantoms
  5 boggarts (Vaults:1)
  15 centaurs
  9 wolves
  11 crocodiles
  Blork the orc (D:4)
  23 bullfrogs
  3 big kobolds
  A gnoll sergeant (D:9)
  A wyvern skeleton (D:7)
  5 scorpions
  19 killer bees
  2 human simulacra (Vaults:3)
  8 howler monkeys
  4 centaur zombies
  3 electric eels
  12 crimson imps
  3 bullfrog zombies
  9 hounds
  A quasit (D:11)
  2 gnoll shamans
  5 jellies
  18 orc priests
  Ijyb (D:4)
  2 bullfrog skeletons
  5 iguanas
  Natasha (D:4)
  29 orc wizards
  29 worker ants
  A bullfrog simulacrum (D:11)
  A hound zombie (D:7)
  Robin (D:3)
  A worker ant zombie (D:11)
  11 adders
  18 gnolls
  A shadow imp (D:13)
  5 white imps
  8 oozes
  A spectral adder (D:7)
  An adder skeleton (D:4)
  4 worms
  4 dart slugs
  6 leopard geckos
  85 orcs
  6 bats
  A bat zombie (D:2)
  10 giant cockroaches
  13 goblins
  13 hobgoblins
  5 jackals (D:4)
  5 quokkas
  A ball python (D:6)
  6 frilled lizards
  19 kobolds
  9 rats
  2 rat zombies (D:2)
  2 fungi (Orc:2)
  11 plants
  A withered plant (D:15)
1467 creatures vanquished.

Vanquished Creatures (collateral kills)
  A lich (Vaults:4)
  2 orc warlords (Vaults:4)
  An ironheart preserver (Vaults:1)
  A stone giant (Vaults:4)
  An ettin (Orc:2)
  A merfolk javelineer (Shoals:4)
  2 merfolk impalers (Shoals:4)
  A merfolk aquamancer (Shoals:4)
  A merfolk avatar (Shoals:4)
  2 alligator snapping turtles (Shoals:4)
  2 deep trolls (Vaults:1)
  An orc knight (Vaults:4)
  2 deep elf archers (Vaults:4)
  A wolf spider (Spider:4)
  A cyclops (Orc:2)
  A merfolk siren (Shoals:4)
  A vault sentinel (Vaults:4)
  A water nymph (Shoals:4)
  A yaktaur (Vaults:4)
  A demonic crawler (Spider:4)
  A jumping spider (Spider:4)
  5 tyrant leeches (Spider:4)
  4 redbacks
  2 tarantellas (Spider:4)
  An orc warrior (Vaults:4)
  2 orcs (Vaults:4)
40 creatures vanquished.

Vanquished Creatures (others)
  A ghost moth (Spider:4)
  An ettin (Orc:2)
  A shadow wraith (Vaults:4)
  A manticore (D:14)
  A jumping spider (Spider:4)
  A hornet (Spider:4)
  An air elemental (Elf:1)
  An ogre (D:4)
  A hound (D:4)
  An orc wizard (Orc:2)
  Natasha (twice) (D:4)
  An adder skeleton (D:4)
  4 fungi
  11 plants
  13 tentacles (Shoals:1)
  2 withered plants (Lair:3)
43 creatures vanquished.

Grand Total: 1550 creatures vanquished

Notes
Turn   | Place    | Note
-------+----------+-------------------------------------------
     0 | D:1      | XiaXia the Minotaur Berserker began the quest for the Orb.
     0 | D:1      | Reached XP level 1. HP: 19/19 MP: 0/0
   365 | D:1      | Reached XP level 2. HP: 26/26 MP: 1/1
   862 | D:1      | Reached skill level 5 in Maces & Flails
   899 | D:1      | Reached XP level 3. HP: 31/31 MP: 2/2
  1203 | D:2      | Reached ** piety under Trog
  1278 | D:2      | Found a sacrificial altar of Ru.
  1500 | D:2      | Found an ancient bone altar of Kikubaaqudgha.
  1769 | D:2      | Reached XP level 4. HP: 15/39 MP: 3/3
  2152 | D:3      | Noticed Robin
  2157 | D:3      | Killed Robin
  2561 | D:3      | Reached XP level 5. HP: 45/45 MP: 4/4
  2690 | D:3      | Reached *** piety under Trog
  2927 | D:4      | Noticed Ijyb
  2936 | D:4      | Paralysed by Ijyb for 2 turns
  2942 | D:4      | Killed Ijyb
  3358 | D:4      | Noticed a slave
  3359 | D:4      | Noticed Pikel
  3359 | D:4      | Noticed a slave
  3360 | D:4      | Noticed a slave
  3362 | D:4      | Noticed a slave
  3365 | D:4      | Killed a slave
  3375 | D:4      | Killed Pikel
  3375 | D:4      | Reached skill level 10 in Maces & Flails
  3375 | D:4      | Reached XP level 6. HP: 51/51 MP: 5/5
  3375 | D:4      | Reached XP level 7. HP: 57/57 MP: 6/6
  3473 | D:4      | Noticed Blork the orc
  3480 | D:4      | Killed Natasha
  3491 | D:4      | Killed Blork the orc
  3505 | D:4      | Noticed Natasha
  3675 | D:4      | Killed Natasha
  3777 | D:4      | Found a transporter.
  3811 | D:4      | Noticed Gynju's ghost (amateur DEFE)
  3814 | D:4      | Found a transporter.
  3854 | D:4      | Killed Gynju's ghost
  3854 | D:4      | Reached XP level 8. HP: 64/64 MP: 7/7
  4026 | D:4      | Killed Natasha
  4163 | D:4      | Noticed Sigmund
  4175 | D:4      | Killed Sigmund
  4373 | D:5      | Entered Level 5 of the Dungeon
  4406 | D:5      | Reached skill level 4 in Fighting
  4677 | D:5      | Reached **** piety under Trog
  4714 | D:5      | Found a hazy altar of Hepliaklqana.
  4716 | D:5      | Found a sacrificial altar of Ru.
  4716 | D:5      | Found a glowing golden altar of the Shining One.
  4716 | D:5      | Found a burning altar of Makhleb.
  4718 | D:5      | Found a shadowy altar of Dithmenos.
  4718 | D:5      | Found a bloodstained altar of Trog.
  5068 | D:6      | Reached skill level 5 in Armour
  5068 | D:6      | Reached skill level 1 in Shields
  5166 | D:6      | Reached skill level 5 in Fighting
  5245 | D:6      | Reached XP level 9. HP: 73/74 MP: 8/8
  5611 | D:6      | Found Houkixkerch's General Store.
  6088 | D:7      | Reached skill level 6 in Fighting
  6243 | D:7      | Reached skill level 5 in Shields
  6244 | D:7      | Found a runed translucent gate.
  6247 | D:7      | Found a runed translucent gate.
  6247 | D:7      | Found a runed translucent gate.
  6462 | D:7      | Noticed mitkoXXVII's ghost (novice OgCj)
  6587 | D:7      | Found a staircase to the Ecumenical Temple.
  6702 | D:7      | Killed mitkoXXVII's ghost
  6805 | D:8      | Reached XP level 10. HP: 84/84 MP: 9/9
  6844 | D:8      | Noticed Harold
  6860 | D:8      | Killed Harold
  6860 | D:8      | Reached skill level 7 in Fighting
  6904 | D:8      | Noticed a +0 dagger
  6905 | D:8      | Found a hide-covered altar of Uskayaw.
  6905 | D:8      | Noticed a +0 dagger
  6910 | D:8      | Reached ***** piety under Trog
  6949 | D:8      | Noticed Erica
  6960 | D:8      | Killed Erica
  6960 | D:8      | Reached skill level 5 in Dodging
  7265 | D:8      | Found an iron altar of Okawaru.
  7269 | D:8      | Found a blossoming altar of Fedhas.
  7269 | D:8      | Found a shattered altar of Ashenzari.
  7285 | D:8      | Found a radiant altar of Vehumet.
  7288 | D:8      | Found a sparkling altar of Nemelex Xobeh.
  7560 | D:9      | Found a staircase to the Orcish Mines.
  7562 | D:9      | Found Naono's Weapon Emporium.
  7581 | D:9      | Reached skill level 8 in Fighting
  7583 | D:9      | Received a gift from Trog
  8037 | D:9      | Found a viscous altar of Jiyva.
  8510 | D:9      | Reached skill level 10 in Shields
  8525 | D:9      | Reached XP level 11. HP: 95/95 MP: 10/10
  8894 | Orc:1    | Entered Level 1 of the Orcish Mines
  9203 | Orc:2    | Entered Level 2 of the Orcish Mines
  9203 | Orc:2    | Found Feryof's Antique Weapon Shop.
  9203 | Orc:2    | Noticed an ettin
  9210 | Orc:2    | Noticed an ettin
  9212 | Orc:2    | Killed an ettin
  9215 | Orc:2    | Found a transporter.
  9216 | Orc:2    | Found Doanga's Book Boutique.
  9221 | Orc:2    | Killed an ettin
  9224 | Orc:2    | Reached skill level 9 in Fighting
  9297 | Orc:2    | Found Fesaud's Distillery.
  9360 | Orc:2    | Found a transporter.
  9360 | Orc:2    | Noticed zhorgal's ghost (journeyman VSFi)
  9378 | Orc:2    | Found a staircase to the Elven Halls.
  9500 | Orc:2    | Noticed an orc sorcerer
  9507 | Orc:2    | Killed an orc sorcerer
  9571 | Orc:2    | Noticed a stone giant
  9599 | Orc:2    | Killed a stone giant
  9599 | Orc:2    | Reached skill level 10 in Armour
  9853 | Orc:2    | Found Plog's Antique Armour Shoppe.
  9921 | Orc:2    | Noticed an ettin
  9939 | Orc:2    | Killed an ettin
 10311 | Orc:2    | Found Vacwofeb's General Store.
 10856 | Orc:2    | Bought a pair of glowing gloves for 262 gold pieces
 10867 | Orc:2    | Bought a glowing chain mail for 262 gold pieces
 10928 | Orc:1    | Reached XP level 12. HP: 100/106 MP: 11/11
 11274 | D:10     | Entered Level 10 of the Dungeon
 11329 | D:10     | Reached skill level 10 in Fighting
 11389 | D:10     | Received a gift from Trog
 11518 | D:10     | Noticed a two-headed ogre
 11537 | D:10     | Killed a two-headed ogre
 11583 | D:10     | Found a hazy altar of Hepliaklqana.
 11590 | D:10     | Found a basalt altar of Yredelemnul.
 11590 | D:10     | Found a sacrificial altar of Ru.
 11598 | D:10     | Found a snail-covered altar of Cheibriados.
 11598 | D:10     | Found a shimmering altar of Xom.
 11598 | D:10     | Found a bloodstained altar of Trog.
 11961 | D:11     | Noticed Nergalle
 11975 | D:11     | Killed Nergalle
 12192 | D:11     | Noticed a two-headed ogre
 12194 | D:11     | Noticed an eight-headed hydra
 12202 | D:11     | Killed a two-headed ogre
 12206 | D:11     | Killed an eight-headed hydra
 12302 | D:11     | Got a heavily runed pewter ring
 12311 | D:11     | Found a radiant altar of Vehumet.
 12311 | D:11     | Noticed a centaur warrior
 12313 | D:11     | Found a hazy altar of Hepliaklqana.
 12313 | D:11     | Found a shimmering altar of Xom.
 12313 | D:11     | Found a shimmering blue altar of Sif Muna.
 12321 | D:11     | Killed a centaur warrior
 12492 | D:11     | Received a gift from Trog
 12619 | D:11     | Found a staircase to the Lair.
 12619 | D:11     | Noticed a two-headed ogre
 12627 | D:11     | Killed a two-headed ogre
 12711 | D:11     | Reached skill level 15 in Shields
 12740 | D:11     | Reached skill level 11 in Fighting
 12740 | D:11     | Reached XP level 13. HP: 100/116 MP: 12/12
 12867 | D:11     | Identified the ring "Bouc" {rN+ Int+3} (You found it on
                  | level 11 of the Dungeon)
 13319 | Lair:1   | Entered Level 1 of the Lair of Beasts
 13372 | Lair:1   | Found a snail-covered altar of Cheibriados.
 13808 | Lair:1   | Got a brightly glowing graven amulet
 13810 | Lair:1   | Identified the amulet "Loossod" {Faith MR+ Str+2 Int+4}
                  | (You found it on level 1 of the Lair of Beasts)
 14483 | Lair:2   | Received a gift from Trog
 14811 | Lair:2   | Found a hole to the Spider Nest.
 15419 | Lair:3   | Found a staircase to the Shoals.
 15746 | Lair:3   | Received a gift from Trog
 15842 | Lair:3   | Reached skill level 12 in Fighting
 16218 | Lair:3   | Found a runed translucent door.
 16219 | Lair:3   | Noticed Irhican's ghost (journeyman MiBe)
 16463 | Lair:3   | Killed Irhican's ghost
 16466 | Lair:3   | Got a jewelled ring mail
 16504 | Lair:3   | Identified the cursed +1 ring mail "Kanuis" {rF+ Regen+
                  | Str-3} (You found it on level 3 of the Lair of Beasts)
 16759 | Lair:4   | Found a dark tunnel.
 17225 | Lair:5   | Reached XP level 14. HP: 118/127 MP: 13/13
 17334 | Lair:5   | Found a transporter.
 17353 | Lair:5   | Found a runed translucent door.
 17353 | Lair:5   | Found a viscous altar of Jiyva.
 17353 | Lair:5   | Found a staircase to the Slime Pits.
 17791 | Lair:5   | Received a gift from Trog
 18041 | Lair:5   | Found a transporter.
 18664 | Lair:6   | Entered Level 6 of the Lair of Beasts
 18677 | Lair:5   | Identified a +0 pair of boots of running (You found it on
                  | level 5 of the Lair of Beasts)
 18797 | Lair:6   | Reached skill level 13 in Fighting
 19986 | Shoals:1 | Entered Level 1 of the Shoals
 20247 | Shoals:1 | Reached ****** piety under Trog
 20252 | Shoals:1 | Received a gift from Trog
 20511 | Shoals:1 | Noticed a kraken
 21493 | Orc:2    | Killed zhorgal's ghost
 22059 | D:12     | Found a runed translucent gate.
 22197 | D:12     | Found a runed translucent gate.
 22205 | D:12     | Found a runed translucent gate.
 22213 | D:12     | Noticed NeAGen181's ghost (journeyman DDNe)
 23096 | D:12     | Killed NeAGen181's ghost
 23096 | D:12     | Reached XP level 15. HP: 136/136 MP: 14/14
 23816 | D:13     | Received a gift from Trog
 23879 | D:13     | Found a glowing silver altar of Zin.
 24144 | D:13     | Found Jicvumn's General Store.
 24357 | D:13     | Found a gate to the Vaults.
 24899 | Lair:1   | You fall into a shaft and drop 1 floor!
 25539 | Shoals:1 | Reached skill level 14 in Fighting
 26345 | Shoals:2 | Received a gift from Trog
 26978 | Shoals:3 | Reached skill level 15 in Armour
 27119 | Shoals:3 | Noticed Polyphemus
 27139 | Shoals:3 | Killed Polyphemus
 27139 | Shoals:3 | Reached skill level 15 in Fighting
 27359 | Shoals:3 | Found a runed translucent door.
 27839 | Shoals:3 | Noticed Zaque's ghost (journeyman DrCj)
 27860 | Shoals:3 | Killed Zaque's ghost
 27974 | Shoals:3 | Received a gift from Trog
 28109 | Shoals:3 | Reached XP level 16. HP: 149/149 MP: 15/15
 28278 | Shoals:4 | Entered Level 4 of the Shoals
 28674 | Shoals:4 | Reached skill level 10 in Dodging
 28842 | Shoals:4 | Got a barnacled rune of Zot
 29448 | Shoals:4 | Found a shimmering altar of Xom.
 29864 | Shoals:4 | Reached skill level 16 in Fighting
 31814 | Vaults:1 | Entered Level 1 of the Vaults
 32146 | Vaults:1 | Received a gift from Trog
 32471 | Vaults:1 | Found a magical portal.
 32973 | Vaults:1 | Reached skill level 17 in Fighting
 34329 | Vaults:1 | Received a gift from Trog
 34334 | Vaults:1 | Reached XP level 17. HP: 142/162 MP: 16/16
 34509 | Vaults:1 | Paralysed by fainting for 7 turns
 37360 | Vaults:2 | Reached skill level 18 in Fighting
 37482 | Vaults:2 | Found Jiapnio's Distillery.
 38167 | Vaults:2 | Got a pair of encrusted gloves
 38183 | Vaults:2 | Identified the +1 pair of gloves of Ovulum {rN+++ Regen+
                  | Str-4 Int-3 Dex+5} (You found it on level 2 of the Vaults)
 39017 | Vaults:2 | Got a twitching glass ring
 39431 | Vaults:3 | Reached skill level 19 in Fighting
 39439 | Vaults:3 | Received a gift from Trog
 39547 | Vaults:3 | Reached XP level 18. HP: 94/176 MP: 17/17
 39975 | Vaults:3 | Found a staircase to the Crypt.
 40366 | Vaults:3 | Received a gift from Trog
 40809 | Vaults:3 | Reached skill level 20 in Fighting
 40811 | Vaults:3 | Identified the ring of Oqeozin {+Fly rC++ Str-2 Int+2} (You
                  | found it on level 2 of the Vaults)
 40991 | Vaults:3 | Noticed a tentacled monstrosity
 41006 | Vaults:3 | Killed a tentacled monstrosity
 41461 | D:14     | Found a shadowy altar of Dithmenos.
 42852 | Elf:1    | Entered Level 1 of the Elven Halls
 43116 | Elf:1    | Received a gift from Trog
 43479 | Elf:1    | Reached skill level 21 in Fighting
 43512 | Elf:1    | Reached XP level 19. HP: 126/189 MP: 18/18
 44372 | Spider:1 | Entered Level 1 of the Spider Nest
 44830 | Spider:1 | Received a gift from Trog
 45481 | Spider:2 | Received a gift from Trog
 45702 | Spider:2 | Reached skill level 22 in Fighting
 46499 | Spider:4 | Entered Level 4 of the Spider Nest
 47075 | Spider:4 | Received a gift from Trog
 47801 | Spider:4 | Reached XP level 20. HP: 198/202 MP: 19/19
 47998 | Spider:4 | Found the +1 cloak of Starlight {rElec rC+ EV+4 Stlth--}
 48116 | Spider:4 | Got a gossamer rune of Zot
 48684 | D:15     | Entered Level 15 of the Dungeon
 48718 | D:15     | Found a shattered altar of Ashenzari.
 48843 | D:15     | Reached skill level 23 in Fighting
 48905 | D:15     | Received a gift from Trog
 49213 | D:15     | Found a staircase to the Depths.
 50131 | Vaults:4 | Found Qupue's Weapon Emporium.
 50575 | Vaults:4 | Received a gift from Trog
 51117 | Vaults:4 | Reached skill level 24 in Fighting
 51655 | Vaults:4 | Identified the cursed +1 plate armour of the Great Game
                  | {rPois Str-3 Int+4 Dex+4}
 51655 | Vaults:4 | Noticed Silenth's ghost (adept DrFE)
 51655 | Vaults:4 | Identified the cursed +1 plate armour "Weig" {SInv}
 51656 | Vaults:4 | Found a runed translucent gate.
 51656 | Vaults:4 | Found a runed translucent gate.
 51656 | Vaults:4 | Found a runed translucent gate.
 51656 | Vaults:4 | Identified the +1 leather armour of the First Emperors
                  | {*Slow rElec Int+4 Stlth+}
 51817 | Vaults:4 | Found a roughly hewn altar of Beogh.
 51834 | Vaults:4 | Killed Silenth's ghost
 51840 | Vaults:4 | Received a gift from Trog
 52054 | Vaults:5 | Entered Level 5 of the Vaults
 52442 | Vaults:5 | Noticed Mennas
 52873 | Vaults:4 | Slain by Mennas

Levels and vault maps discovered:
D:1:      dpeg_arrival_subterranean_lakeside_camping, layout_basic
D:2:      layout_loops_ring, lemuel_zombie_altar_kikubaaqudgha,
          nicolae_ru_sacrificial_ziggurat
D:3:      layout_rooms, first_ration, uniq_robin
D:4:      layout_cave_pods, gammafunk_ghost_arena, uniq_natasha, uniq_sigmund,
          uniq_ijyb, uniq_blork_the_orc, uniq_pikel
D:5:      layout_basic, grunt_temple_overflow_open
D:6:      layout_rooms, serial_shops, kennysheep_mini,
          chequers_serial_rivers_micro_b, sigmund_army
D:7:      layout_rooms, minmay_temple_entry_nine_rooms,
          gammafunk_ghost_necromancy
D:8:      layout_cave_pools, dancing_weapons_uskayaw,
          minmay_overflow_temple_star_hex, uniq_erica, uniq_harold
D:9:      layout_cave_pods, orc_david_3, hangedman_little_slice_of_home
D:10:     layout_basic, doesnt_xom_only_xom
D:11:     minmay_the_grid_octo_tiled_squarecenter [minmay_the_grid_octo_toaster,
          minmay_the_grid_octo_shrine, minmay_the_grid_octo_checkerflower,
          minmay_the_grid_octo_chip,
          minmay_the_grid_square_5x5_megaprize_checkered,
          minmay_the_grid_square_5x5_percent, minmay_the_grid_square_5x5_bridge,
          minmay_the_grid_square_5x5_eight,
          minmay_the_grid_square_5x5_spiral_small], layout_stronghold,
          uniq_nergalle
D:12:     layout_stronghold, gammafunk_ghost_split
D:13:     layout_roguey, david_vaults_4, serial_shops, shop, basic_altar,
          minmay_fire_ice_demons
D:14:     minmay_blocking_statues, layout_rooms, grunt_dithmenos_shadows
D:15:     gammafunk_depths_entry_grave, layout_loops_corners,
          evilmike_ruin_ashenzari
Lair:1:   layout_loops_ring, kennysheep_snail_temple
Lair:2:   layout_long_grid, nicolae_spider_entry_non_spiders, st_stairs_3,
          minivault_29, infiniplex_staircase_pool_2
Lair:3:   layout_regular_city, minmay_shoals_entry_centaurs,
          gammafunk_ghost_grave
Lair:4:   layout_hall_layers, lightli_volcano_entry_magma_tube,
          serial_bayou_shore_a
Lair:5:   gammafunk_cloud_chamber, layout_cave_pods, slime_altar_2,
          grunt_megastairs_2, minmay_lair_oklob_chamber
Lair:6:   due_jungle_book, layout_concentric_octagons,
          infiniplex_staircase_pool, serial_bayou_shore_b, grunt_megastairs_3
Shoals:1: layout_shoals
Shoals:2: layout_shoals
Shoals:3: layout_shoals, ebering_ghost_reflecting_pool, uniq_polyphemus
Shoals:4: shoals_end_simple, layout_shoals, lemuel_altar_in_water
Spider:1: layout_spider_delve
Spider:2: layout_spider_delve
Spider:3: layout_spider_delve, spiders_nest_the_unseen
Spider:4: grunt_spider_rune_island, worms_lemuel
Orc:1:    layout_caves
Orc:2:    grunt_orc_gardens, layout_diamond_mine, grunt_orc_garden,
          grunt_orc_garden, grunt_orc_garden, grunt_orc_garden, serial_shops,
          shop, gammafunk_ghost_arena
Elf:1:    minmay_elf_arrival_plus, layout_geoelf_octagon,
          hangedman_corner_corridor
Elf:2:    layout_onion_city, portal_desolation_entry_salt
Vaults:1: v_rooms_1, nicolae_vaults_lopsided_apartments,
          nicolae_vaults_specimen_jars, grunt_vaults_hallway_short,
          vaults_room_octagon, ontoclasm_vaults_idyll,
          nicolae_vaults_network_quinsquares
          [nicolae_vaults_network_quincunx_subvault,
          nicolae_vaults_network_quincunx_subvault,
          nicolae_vaults_network_quincunx_subvault,
          nicolae_vaults_network_quincunx_subvault], grunt_vaults_diagonal,
          hangedman_vaults_cutoff, v_misc_5,
          vaults_room_grunt_arrival_checkpoint, vaults_room_octagon,
          vaults_dpeg_cross, v_alt_pattern_4, serial_ice_b,
          layout_vaults_omnibox, infiniplex_enter_wizlab_glasses
Vaults:2: v_misc_9, nicolae_vaults_little_squares_2, ontoclasm_vaults_hangar,
          v_misc_24, nicolae_vaults_rhombus_7, nicolae_vaults_three_branches,
          layout_vaults_omnigrid, serial_shops, nicolae_shop_behind_doors
Vaults:3: vaults_dpeg_ring, vaults_room_ringed_pool, vaults_room_boxed,
          vaults_room_octagon, vaults_standard_mumra_x, vaults_dpeg_diagonal,
          nicolae_vaults_ring_of_whatevers, st_lattice, v_misc_15,
          grunt_vaults_twisty, vaults_dpeg_spiral, nicolae_vaults_little_ls,
          vaults_mumra_hexcomb, layout_vaults_big_cross
Vaults:4: biasface_vaults_ghost_orc_armoury, dpeg_vaults_monster_row,
          nicolae_vaults_asterisk, v_misc_3, dpeg_vaults_monster_box,
          hangedman_vaults_stitches, v_misc_11, ontoclasm_vaults_eye,
          ontoclasm_vaults_gateway, kb_rosetta, nicolae_vaults_little_squares_2,
          layout_vaults_maze_bifur
Vaults:5: uniq_mennas

Skill      XL: |  1  2  3  4  5  6  7  8  9 10 11 12 13 14 15 16 17 18 19 20 |
---------------+-------------------------------------------------------------+-----
Maces & Flails | 4 5 6 7 10 11 12 | 12.1
Armour         | 5 7 9 10 12 13 14 15 17 19 20 21 | 21.5
Fighting       | 5 6 8 9 11 12 13 15 17 19 21 22 24 | 24.6
Dodging        | 3 4 5 7 8 9 10 12 13 14 | 14.9
Shields        | 2 6 10 12 15 16 19 20 | 20.0

Action                   |  1- 3 |  4- 6 |  7- 9 | 10-12 | 13-15 | 16-18 | 19-21 || total
-------------------------+-------+-------+-------+-------+-------+-------+-------++-------
Melee: Mace              |    90 |    72 |       |       |       |       |       ||   162
       Headbutt          |     6 |    16 |    54 |   146 |   533 |   636 |   568 ||  1959
       Whip              |       |    13 |   250 |   659 |  1876 |  1482 |       ||  4280
       Demon whip        |       |       |       |       |       |   439 |  1606 ||  2045
Invok: Berserk           |     1 |     5 |     7 |    17 |    30 |    29 |     9 ||    98
       Trog's Hand       |       |       |     4 |     3 |    13 |    12 |     6 ||    38
       Brothers in Arms  |       |       |       |     2 |       |    10 |     7 ||    19
Evoke: Wand              |       |       |       |       |       |     1 |       ||     1
       Phantom mirror    |       |       |       |       |       |     1 |       ||     1
  Use: Scroll            |     1 |     4 |    11 |     9 |    23 |    12 |    14 ||    74
       Potion            |       |       |       |     1 |     7 |    15 |     8 ||    31
 Stab: Petrified         |       |       |       |       |     8 |       |       ||     8
       Invisible         |       |       |       |       |       |     8 |     2 ||    10
       Distracted        |       |       |       |       |       |     1 |     1 ||     2
       Held in net/web   |       |       |       |       |       |       |     4 ||     4
  Eat: Chunk             |     3 |     5 |     5 |     8 |    22 |    28 |     7 ||    78
       Ration            |       |     1 |     5 |     8 |    17 |    16 |    11 ||    58
Armor: Ring mail         |    34 |    34 |       |       |       |       |       ||    68
       Scale mail        |       |    15 |    58 |    53 |       |       |       ||   126
       Chain mail        |       |       |       |   132 |   336 |   535 |   401 ||  1404
Dodge: Dodged            |    65 |    61 |    53 |    91 |   239 |   726 |   695 ||  1930
Block: Large shield      |       |       |   104 |   387 |  1262 |   988 |  1601 ||  4342
